 Dungeon Crawl Stone Soup version 0.20.0-15-g7f486f2 (webtiles) character file.

296 Merkmirnix the Covert (level 6, -1/41 HPs)
             Began as an Octopode Assassin on July 1, 2017.
             Slain by an ice beast (8 damage)
             ... on level 4 of the Dungeon.
             The game lasted 00:25:13 (3666 turns).

Merkmirnix the Covert (Octopode Assassin)           Turns: 3666, Time: 00:25:14

Health: -1/41      AC:  5    Str:  9 (10) XL:     6   Next: 35%
Magic:  6/6        EV: 13    Int: 15 (18) God:
Gold:   244        SH:  0    Dex: 18 (19) Spells: 5/5 levels left

rFire    . . .     SeeInvis .   a - +2 dagger
rCold    . . .     Gourm    .   (no shield)
rNeg     . . .     Faith    .   (helmet restricted)
rPois    .         Spirit   .   (no amulet)
rElec    .         Reflect  .   s - +4 ring of protection
rCorr    .         Harm     .   v - +3 ring of dexterity
MR       .....                  (no ring)
Stlth    +++++.....             (no ring)
Regen    0.2/turn               (no ring)
MPRegen  0.1/turn               (no ring)
                                (no ring)
                                (no ring)

@: brilliant
A: almost no armour, stealthy swim, amphibious, 8 rings, constrict 8, camouflage
1, gelatinous body 1
a: no special abilities


You were on level 4 of the Dungeon.
You were not hungry.

You visited 1 branch of the dungeon, and saw 5 of its levels.
You also visited: Sewer.

You collected 244 gold pieces.

Inventory:

Hand Weapons
 a - a +2 dagger (weapon)
 b - a +0 blowgun
Missiles
 c - 72 poisoned needles
 d - 2 curare-tipped needles
Armour
 m - a cursed +0 pair of boots
 n - a +0 cloak
Magical Staves
 p - an uncursed staff of wizardry
Jewellery
 s - a +4 ring of protection (left tentacle)
 v - a +3 ring of dexterity (right tentacle)
 y - a +2 ring of dexterity
Scrolls
 e - 9 scrolls of identify {unknown}
 h - a scroll of noise {unknown}
 i - a scroll of amnesia {unknown}
 k - 3 scrolls of teleportation {unknown}
 t - a scroll of random uselessness {unknown}
 E - a scroll of fear {unknown}
 F - 2 scrolls of enchant armour {unknown}
Potions
 g - 3 potions of might {unknown}
 l - 2 potions of magic {unknown}
 o - a potion of brilliance
 q - a potion of haste
 r - 2 potions of curing {unknown}
 u - 4 potions of heal wounds {unknown}
 z - a potion of agility {unknown}
 C - 3 potions of cancellation
Comestibles
 f - 4 bread rations
 j - 3 meat rations
 A - a chunk of flesh
 B - 4 fruits


   Skills:
 + Level 2.4 Fighting
 + Level 3.0 Short Blades
 + Level 2.0 Throwing
 + Level 1.4 Dodging
 + Level 9.3 Stealth


You had 5 spell levels left.
You didn't know any spells.

Dungeon Overview and Level Annotations

Branches:
Dungeon (5/15)
 Temple: D:4-7

Altars:
Hepliaklqana
Ru
Uskayaw
Yredelemnul

Annotations:
D:4 tschems's ghost, amateur HuFi


Innate Abilities, Weirdness & Mutations

You cannot wear most types of armour.
You are very stealthy in the water. (Stealth+)
You are amphibious.
You can wear up to eight rings at the same time.
You can use your tentacles to constrict eight enemies at once.
Your skin changes colour to match your surroundings (Stealth+).
Your rubbery body absorbs attacks. (AC +1, EV +1)


Message History

You kill the worm!
You start resting.
An ice beast comes into view.
You see here 8 gold pieces.
A quokka skeleton comes into view.
Your extra speed is starting to run out.
You start resting.
You feel yourself slow down.
You start resting.
You hit the ice beast but do no damage. You closely miss the ice beast.
Your squeeze misses the ice beast.
The ice beast hits you but does no damage.
You hit the ice beast but do no damage. The ice beast misses you.
You hit the ice beast but do no damage. The ice beast barely misses you.
You closely miss the ice beast. You squeeze the ice beast!
The ice beast is moderately wounded.
The ice beast hits you.
* * * LOW HITPOINT WARNING * * *
The ice beast freezes you!
You die...

#.# #.# #.# #.#
#.# #.# #.# #.#
#.# #.#
#.#####.#####
#.....Y.....+
#Y#####.##### #@#
#.# #.#####.#####.
###
#>..Y.Y.......Z#..
#######........#.#
#...######.# #...#
#.# #...# ###.#
#...# #....
#...####.#.#


You could see an ice beast.

Vanquished Creatures
  A howler monkey (D:4)
  A bullfrog zombie (D:5)
  An iguana (D:5)
  An orc wizard (D:5)
  A worker ant (D:4)
  4 adders
  A gnoll (D:4)
  A shadow imp (D:3)
  3 worms
  3 dart slugs
  3 leopard geckos
  An orc (D:5)
  8 giant cockroaches
  6 goblins
  5 hobgoblins
  12 jackals
  2 quokkas
  4 ball pythons
  4 bats
  9 frilled lizards
  8 kobolds
  6 rats
  3 plants (Sewer)
88 creatures vanquished.

Vanquished Creatures (others)
  2 plants (Sewer)
2 creatures vanquished.

Grand Total: 90 creatures vanquished

Notes
Turn   | Place    | Note
-------+----------+-------------------------------------------
     0 | D:1      | Merkmirnix the Octopode Assassin began the quest for the Orb.
     0 | D:1      | Reached XP level 1. HP: 14/14 MP: 1/1
   261 | D:1      | Reached XP level 2. HP: 19/19 MP: 2/2
   264 | D:1      | Reached skill level 6 in Stealth
  1109 | D:1      | Reached XP level 3. HP: 24/24 MP: 3/3
  1507 | D:2      | Found a hide-covered altar of Uskayaw.
  1714 | D:3      | Found a glowing drain.
  1755 | Sewer    | Entered a sewer
  1877 | Sewer    | Reached skill level 7 in Stealth
  1877 | Sewer    | Reached XP level 4. HP: 29/29 MP: 4/4
  2670 | D:3      | Found a hazy altar of Hepliaklqana.
  2728 | D:3      | Found a basalt altar of Yredelemnul.
  3085 | D:4      | Reached XP level 5. HP: 35/35 MP: 5/5
  3091 | D:4      | Noticed tschems's ghost (amateur HuFi)
  3126 | D:5      | Entered Level 5 of the Dungeon
  3166 | D:4      | Reached skill level 8 in Stealth
  3287 | D:4      | Found a sacrificial altar of Ru.
  3474 | D:5      | Reached skill level 9 in Stealth
  3474 | D:5      | Reached XP level 6. HP: 28/40 MP: 6/6
  3579 | D:5      | Noticed a phantom
  3642 | D:4      | Noticed an ice beast
  3666 | D:4      | Slain by an ice beast

Skill      XL: |  1  2  3  4  5 |
---------------+----------------+-----
Stealth        | 6 7 9 |  9.3
Short Blades   | 3 |  3.0
Fighting       | |  2.4
Throwing       | |  2.0
Dodging        | |  1.4

Action                   |  1- 3 |  4- 6 || total
-------------------------+-------+-------++-------
Melee: Dagger            |    80 |   153 ||   233
       Constrict         |    18 |    20 ||    38
       Tentacles         |    20 |    41 ||    61
       Staff             |     3 |       ||     3
  Use: Potion            |       |     5 ||     5
       Scroll            |       |     1 ||     1
 Stab: Sleeping          |    11 |    25 ||    36
       Distracted        |       |     3 ||     3
  Eat: Chunk             |     1 |     3 ||     4
       Meat ration       |     1 |       ||     1
Armor: Skin              |     3 |    12 ||    15
Dodge: Dodged            |    48 |    36 ||    84
